 Dungeon Crawl Stone Soup version 0.30.1-4-g462c640d31 (webtiles) character file.

Game seed: 18423801835861132593

59 GeoRichter the Sneak (level 3, 0/28 HPs)
             Began as a Demonspawn Brigand on Aug 30, 2023.
             Was an Initiate of Lugonu.
             Slain by Grinder (7 damage)
             ... on level 3 of the Dungeon.
             The game lasted 00:03:33 (2603 turns).

GeoRichter the Sneak (Demonspawn Brigand)           Turns: 2603, Time: 00:03:33

Health: 0/28       AC:  4    Str: 11    XL:     3   Next: 78%
Magic:  3/3        EV: 12    Int: 14    God:    Lugonu [......]
Gold:   138        SH:  0    Dex: 20    Spells: 2/2 levels left

rFire   . . .        a - +2 dagger
rCold   . . .        (no shield)
rNeg    . . .        b - +0 robe
rPois   .            n - +0 hat
rElec   .            c - +0 cloak
rCorr   .            q - +0 pair of gloves
SInv    .            (no boots)
Will    .....        (no amulet)
Stlth   +++          r - +6 ring of dexterity
HPRegen 0.24/turn    (no ring)
MPRegen 0.08/turn

%: no passive effects
@: mighty
A: powered by pain 1
a: Renounce Religion


You were on level 3 of the Dungeon.
You worshipped Lugonu.
Lugonu was noncommittal.
You visited 1 branch of the dungeon, and saw 3 of its levels.

You collected 138 gold pieces.

Inventory:

Hand Weapons
 a - a +2 dagger (weapon)
Missiles
 d - 19 poisoned darts (quivered)
Armour
 b - a +0 robe (worn)
 c - a +0 cloak (worn)
 n - a +0 hat (worn)
   (You found it on level 2 of the Dungeon)
 q - a +0 pair of gloves (worn)
   (You found it on level 2 of the Dungeon)
Jewellery
 r - a +6 ring of dexterity (left hand)
   (You found it on level 2 of the Dungeon)
Scrolls
 f - 2 scrolls of fog
 i - a scroll of blinking {unknown}
 j - a scroll of summoning {unknown}
 o - a scroll of enchant weapon {unknown}
 s - a scroll of teleportation {unknown}
 w - a scroll of vulnerability {unknown}
 x - a scroll of identify {unknown}
Potions
 g - a potion of curing {@q1}
 h - 2 potions of brilliance {unknown}
 l - a potion of degeneration {unknown}
 m - 2 potions of magic
 p - 2 potions of heal wounds {unknown}
 u - a potion of might {unknown}
 v - a potion of mutation {unknown}


   Skills:
 + Level 2.7 Fighting
 - Level 2.2 Short Blades
 - Level 3.0 Throwing
 - Level 0.8 Dodging
 - Level 3.6 Stealth
 * Level 0.9 Invocations


You had 2 spell levels left.
You didn't know any spells.
Your spell library was empty.

Dungeon Overview and Level Annotations

Branches:
Dungeon (3/15) Zot: 15400

Altars:
Kikubaaqudgha
Lugonu

Portals:
Abyss: D:3

Annotations:
D:3 Grinder


Innate Abilities, Weirdness & Mutations

You sometimes gain a little power by taking damage.


Message History

Aim: Grinder (61% to hit)
You throw a poisoned dart. The poisoned dart hits Grinder!
You closely miss Grinder. Grinder gestures at you.
Pain shoots through your body!
You hit Grinder.
Grinder is lightly wounded.
You hit Grinder.
Grinder is lightly wounded.
Grinder gestures at you. You resist with significant effort.
You hit Grinder.
Grinder is moderately wounded.
Grinder closely misses you.
You hit Grinder.
Grinder is moderately wounded.
Grinder hits you.
You hit Grinder but do no damage.
Grinder is moderately wounded.
Grinder gestures at you. Pain shoots through your body!
* * * LOW HITPOINT WARNING * * *
Unknown command.
You barely miss Grinder.
Grinder is moderately wounded.
Grinder barely misses you.
You hit Grinder.
Grinder is moderately wounded.
Grinder hits you but does no damage.
You puncture Grinder!
Grinder is heavily wounded.
Grinder barely misses you.
You hit Grinder but do no damage.
Grinder is heavily wounded.
You completely miss Grinder.
Grinder is heavily wounded.
Grinder hits you.
* * * LOW HITPOINT WARNING * * *
You writhe in agony.
* * * LOW HITPOINT WARNING * * *
It was a potion of magic.
Magic courses through your body. Grinder hits you but does no damage.
It was a potion of curing.
You feel better. Grinder hits you!
* * * LOW HITPOINT WARNING * * *
You focus on the pain.
You feel very mighty all of a sudden.
You writhe in agony.
* * * LOW HITPOINT WARNING * * *
You feel better. Grinder hits you!
You die...

#.# #.# #.#.#######. #.## #.#
#.#.......#. #>.# #.#
#.#######<#.
#..######.####.#########.
#########........................
..................###############
#############.##################
#......................##
#.####..@5(..#####.......
#########.##########..####.......
....†....................#.......
#########.###########.##.#.......
..........#.......# #.##.###.....
............#.....# #.##.........
.############.....# #.#####......
.#................# #.# #)####.
.#.###...####.....# #.# #.##...


You could see Grinder.

Vanquished Creatures
  An adder (D:2)
  A dart slug (D:3)
  An orc (D:3)
  5 bats
  7 endoplasms
  3 giant cockroaches
  3 hobgoblins
  6 kobolds
  3 quokkas
  4 ball pythons
  3 frilled lizards
  3 goblins
  A rat (D:2)
41 creatures vanquished.

Vanquished Creatures (others)
  A lurking horror (D:3)
1 creature vanquished.

Grand Total: 42 creatures vanquished

Notes
Turn   | Place    | Note
-------+----------+-------------------------------------------
     0 | D:1      | GeoRichter the Demonspawn Brigand began the quest for the
                  | Orb.
     0 | D:1      | Reached XP level 1. HP: 16/16 MP: 1/1
   195 | D:1      | Gained mutation: You sometimes gain a little power by
                  | taking damage. [demonic ancestry]
   195 | D:1      | Reached XP level 2. HP: 21/23 MP: 2/2
   686 | D:1      | Found a faded altar of an unknown god.
  1270 | D:2      | Reached XP level 3. HP: 22/28 MP: 3/3
  1674 | D:2      | Found an ancient bone altar of Kikubaaqudgha.
  1998 | D:3      | Found a corrupted altar of Lugonu.
  2002 | D:3      | Found a one-way gate to the infinite horrors of the Abyss.
  2013 | D:3      | Became a worshipper of Lugonu the Unformed
  2447 | D:3      | Noticed Grinder
  2450 | D:3      | Paralysed by Grinder for 5 turns
  2461 | D:3      | Paralysed by Grinder for 5 turns
  2474 | D:3      | Paralysed by Grinder for 4 turns
  2602 | D:3      | HP: 1/28 [Grinder (5)]
  2603 | D:3      | Slain by Grinder

Illustrated notes

Levels and vault maps discovered:
D:1:      kilobyte_arrival_exit_the_forest, layout_basic,
          chequers_ecumenical_altar_twisty
D:2:      layout_loops_corners, basic_altar
D:3:      layout_basic, fedhas_ov_isle_minmay, amcnicky_altar_lugonu_corruption,
          uniq_robin, uniq_grinder

Skill      XL: |  1  2  3 |
---------------+----------+-----
Throwing       | 2 3 |  3.0
Short Blades   | 2 |  2.2
Fighting       | |  2.7
Dodging        | |  0.8
Stealth        | |  3.6
Invocations    | |  0.9

Action                     || total
---------------------------++-------
  Melee: Dagger            ||   110
         Punch             ||     1
  Throw: Dart              ||    15
         Throwing net      ||     2
    Use: Scroll            ||     3
         Potion            ||     3
   Stab: Sleeping          ||    15
 Armour: Robe              ||    30
  Dodge: Dodged            ||    42
